 Dungeon Crawl Stone Soup version 0.21.1-1-g345015fe64 (webtiles) character file.

11673 Gargoyl the Protected (level 11, -3/92 HPs)
             Began as a Centaur Abyssal Knight on May 30, 2018.
             Was a High Priest of Lugonu.
             Slain by a manticore (7 damage)
             ... on level 11 of the Dungeon.
             The game lasted 00:25:01 (17251 turns).

Gargoyl the Protected (Centaur Abyssal Knight)     Turns: 17251, Time: 00:25:02

Health: -3/92      AC: 13    Str: 16    XL:     11   Next: 52%
Magic:  17/17      EV:  4    Int: 11    God:    Lugonu [*****.]
Gold:   796        SH:  4    Dex: 11    Spells: 10/10 levels left

rFire    + . .     SeeInvis .   a - +3 hand axe (venom)
rCold    . . .     Gourm    .   b - +0 buckler
rNeg     + . .     Faith    .   G - +0 plate armour
rPois    .         Spirit   .   (no helmet)
rElec    .         Reflect  .   k - scarf {repulsion}
rCorr    .         Harm     .   f - +0 pair of gloves
MR       .....                  (no barding)
Stlth    ..........             (no amulet)
HPRegen  0.25/turn              z - ring of positive energy
MPRegen  0.15/turn              A - ring of protection from fire (curse)

@: repel missiles, very quick
A: large, hooves 3, deformed body, speed 2, tough skin 3
a: Depart the Abyss, Bend Space, Banish, Corrupt, Enter the Abyss, Renounce
Religion


You were on level 11 of the Dungeon.
You worshipped Lugonu.
Lugonu was extremely pleased with you.
You were not hungry.

You visited 1 branch of the dungeon, and saw 11 of its levels.
You visited the Abyss 1 time.

You collected 796 gold pieces.

Inventory:

Hand Weapons
 a - a +3 hand axe of venom (weapon)
 n - a +0 war axe of flaming
 u - a +0 trident of freezing
Missiles
 j - 16 javelins (quivered)
Armour
 b - a +0 buckler (worn)
 f - a +0 pair of gloves (worn)
 k - a scarf of repulsion (worn)
 G - a +0 plate armour (worn)
Jewellery
 w - an uncursed ring of resist corrosion
 z - a ring of positive energy (left hand)
 A - a cursed ring of protection from fire (right hand)
Wands
 d - a wand of random effects (24)
 h - a wand of digging (11)
 m - a wand of flame (36)
 s - a wand of paralysis (29)
 B - a wand of iceblast (7)
 C - a wand of polymorph (13)
Scrolls
 e - 7 scrolls of remove curse
 l - 6 scrolls of identify
 o - 5 scrolls of teleportation
 D - 2 scrolls of amnesia
 E - 3 scrolls of enchant weapon
Potions
 g - a potion of haste
 p - a potion of flight
 q - a potion of agility
 t - a potion of mutation {unknown}
 v - a potion of lignification
 x - a potion of ambrosia
Books
 i - a book of Battle

   Spells                             Type                      Level
   a - Infusion                       Charms                       1
   b - Shroud of Golubria             Charms/Translocation         2
   c - Song of Slaying                Charms                       2
   d - Spectral Weapon                Hexes/Charms                 3
   e - Regeneration                   Charms/Necromancy            3
 r - a book of Debilitation

   Spells                             Type                      Level
   a - Corona                         Hexes                        1
   b - Slow                           Hexes                        2
   c - Inner Flame                    Hexes/Fire                   3
   d - Portal Projectile              Hexes/Translocation          3
   e - Cause Fear                     Hexes                        4
   f - Leda's Liquefaction            Hexes/Earth                  4
Comestibles
 c - 6 rations


   Skills:
 + Level 7.5 Fighting
 + Level 7.9(8.0) Axes
 + Level 0.4(4.9) Polearms
 + Level 0.6 Throwing
 * Level 9.1 Armour
 + Level 3.4 Dodging
 + Level 1.8 Shields
 * Level 8.8 Invocations
 + Level 0.4 Evocations


You had 10 spell levels left.
You didn't know any spells.

Dungeon Overview and Level Annotations

Branches:
Dungeon (11/15)            Temple (0/1) D:6
   Lair: D:8-11         Orc: D:9-12

Altars:
Ashenzari
Fedhas
Makhleb
Qazlal
Uskayaw
Yredelemnul
Zin
The Shining One

Shops:
D:10 }[

Annotations:
D:11 exclusion: 2 oklob plants
Abyss:1 Grinder


Innate Abilities, Weirdness & Mutations

You have hooves in place of feet.
Armour fits poorly on your strangely shaped body.
You cover ground very quickly.
You have extremely tough skin. (AC +3)


Message History

The manticore bites you but does no damage.
The manticore claws you! The manticore barely misses you.
You slash the manticore!
The manticore is poisoned.
The manticore is lightly wounded.
The manticore barely misses you. The manticore claws you. x2
You slash the manticore!
The manticore is moderately wounded.
You block the manticore's attack. The manticore claws you.
The manticore claws you!
* * * LOW HITPOINT WARNING * * *
You hit the manticore.
The manticore looks as sick as possible!
You kick the manticore!
The manticore is severely wounded.
The manticore bites you!
* * * LOW HITPOINT WARNING * * *
The manticore claws you!
* * * LOW HITPOINT WARNING * * *
The manticore claws you!
You die...

###### ###########
...... #............#
......###............#
.....................###
..............#........
.............#........
#...%.....#........
#.@†......#≈.......
#..H......≈≈.......
.............≈≈.......
.............≈≈≈≈≈≈####
#........##≈≈≈≈≈≈≈≈≈##.
###......#≈≈≈≈≈≈≈≈≈≈≈#.
#..........≈≈≈≈≈≈≈##.
...........≈≈≈≈≈≈###.
.........≈≈≈≈≈#≈≈#.


You could see a manticore.

Vanquished Creatures
  Erica (D:10)
  Maurice (D:11)
  Joseph (D:7)
  Prince Ribbit (D:6)
  4 hippogriffs
  A vampire (Abyss:2)
  A spriggan (D:9)
  16 yaks
  Sigmund (D:2)
  A wraith (D:11)
  A wyvern (D:11)
  3 hungry ghosts
  A steam dragon (D:8)
  A soldier ant (D:11)
  A water moccasin (D:6)
  2 orc warriors
  2 phantoms
  An eye of draining (D:10)
  A sky beast (D:7)
  3 ice beasts
  A necrophage (D:8)
  6 ogres
  5 centaurs
  A crocodile (D:11)
  Blork the orc (D:6)
  A big kobold (D:9)
  6 bullfrogs
  A water moccasin zombie (D:6)
  3 scorpions
  5 killer bees
  4 wights (D:7)
  3 bullfrog zombies
  2 howler monkeys (D:8)
  3 centaur zombies
  8 crimson imps
  A quasit (D:9)
  3 jellies
  6 orc priests
  A centaur skeleton (D:6)
  4 bullfrog skeletons
  3 hounds
  6 iguanas
  3 orc wizards
  8 worker ants
  2 hound zombies (D:6)
  3 hound skeletons
  4 gnolls (D:5)
  6 worker ant zombies
  2 howler monkey skeletons
  12 adders
  2 shadow imps
  A white imp (Abyss:2)
  2 adder skeletons (D:4)
  An adder zombie (D:6)
  3 dart slugs
  9 leopard geckos
  38 orcs
  3 ball pythons
  10 bats
  4 giant cockroaches
  7 goblins
  7 hobgoblins
  18 jackals
  12 kobolds
  3 quokkas
  12 frilled lizards
  2 quokka skeletons
  3 quokka zombies (D:6)
  5 rats
300 creatures vanquished.

Vanquished Creatures (others)
  The ghost of Gargoyl the Envoy of Void, a novice CeAK of Lugonu (D:10)
  The ghost of zuik the Severer, a novice MiGl of Trog (D:8)
  A basilisk (D:11)
3 creatures vanquished.

Grand Total: 303 creatures vanquished

Notes
Turn   | Place    | Note
-------+----------+-------------------------------------------
     0 | Abyss:1  | Gargoyl the Centaur Abyssal Knight began the quest for the Orb.
     0 | Abyss:1  | Reached XP level 1. HP: 19/19 MP: 2/2
    55 | Abyss:2  | Noticed a vampire
    62 | Abyss:2  | Killed a vampire
    62 | Abyss:2  | Reached XP level 2. HP: 18/28 MP: 2/4
    62 | Abyss:2  | Reached XP level 3. HP: 23/34 MP: 2/5
    62 | Abyss:2  | Reached XP level 4. HP: 27/41 MP: 2/6
    62 | Abyss:2  | Reached XP level 5. HP: 31/47 MP: 2/7
    66 | Abyss:2  | Noticed a large abomination
    80 | Abyss:2  | Noticed a rust devil
    97 | Abyss:2  | Noticed a spatial vortex
    99 | Abyss:2  | Noticed a spatial maelstrom
   100 | Abyss:2  | Noticed a small abomination
   106 | Abyss:2  | Noticed a spatial vortex
   110 | Abyss:2  | Noticed a spatial vortex
   132 | Abyss:2  | Noticed a spatial vortex
   133 | Abyss:2  | Noticed a spatial vortex
   134 | Abyss:2  | Noticed a spatial vortex
   134 | D:1      | Escaped the Abyss
   279 | D:1      | Reached skill level 2 in Armour
   376 | D:1      | Reached * piety under Lugonu
  1087 | D:2      | Reached skill level 1 in Dodging
  1174 | D:2      | Reached ** piety under Lugonu
  1230 | D:2      | Noticed Sigmund
  1270 | D:2      | Killed Sigmund
  1270 | D:2      | Reached skill level 5 in Fighting
  1270 | D:2      | Reached XP level 6. HP: 12/56 MP: 8/8
  1865 | D:2      | Found a burning altar of Makhleb.
  1865 | D:2      | Found a glowing silver altar of Zin.
  1866 | D:2      | Noticed an angel
  1866 | D:2      | Noticed a blizzard demon
  2340 | D:3      | Found a hide-covered altar of Uskayaw.
  2780 | D:3      | Reached XP level 7. HP: 45/61 MP: 9/9
  2789 | D:3      | Reached *** piety under Lugonu
  3343 | D:4      | Reached skill level 3 in Armour
  3910 | D:4      | Noticed Grinder
  3916 | D:4      | Paralysed by Grinder for 7 turns
  3923 | D:4      | HP: 3/61 [orc/short sword (4)]
  4626 | D:4      | Paralysed by Grinder for 7 turns
  4639 | D:4      | Paralysed by Grinder for 5 turns
  4646 | D:4      | Banished Grinder
  5128 | D:4      | Reached skill level 4 in Armour
  5128 | D:4      | Reached XP level 8. HP: 59/68 MP: 11/11
  5398 | D:5      | Entered Level 5 of the Dungeon
  5582 | D:5      | Reached skill level 5 in Invocations
  5583 | D:5      | Found a basalt altar of Yredelemnul.
  5583 | D:5      | Found a stormy altar of Qazlal.
  5726 | D:5      | Found a blossoming altar of Fedhas.
  5777 | D:5      | Reached **** piety under Lugonu
  6173 | D:5      | Found a shattered altar of Ashenzari.
  6512 | D:6      | Reached skill level 5 in Axes
  7363 | D:6      | Reached XP level 9. HP: 29/75 MP: 13/13
  7370 | D:6      | Noticed Blork the orc
  7378 | D:6      | Killed Blork the orc
  7729 | D:6      | Reached skill level 5 in Armour
  8143 | D:6      | Found a staircase to the Ecumenical Temple.
  8172 | D:6      | Noticed Prince Ribbit
  8216 | D:6      | Killed Prince Ribbit
  8956 | D:7      | Noticed Joseph
  8959 | D:7      | Found a glowing golden altar of the Shining One.
  9041 | D:7      | Killed Joseph
  9398 | D:7      | Reached skill level 6 in Armour
  9587 | D:7      | Found a stormy altar of Qazlal.
  9695 | D:6      | Reached skill level 1 in Shields
 10317 | D:8      | Reached XP level 10. HP: 84/84 MP: 15/15
 10341 | D:8      | Noticed zuik's ghost (novice MiGl)
 10631 | D:8      | Banished zuik's ghost
 11765 | D:9      | Reached ***** piety under Lugonu
 12100 | D:8      | Reached skill level 7 in Armour
 12405 | D:9      | HP: 1/84 [yak (7)]
 13237 | D:10     | Entered Level 10 of the Dungeon
 13362 | D:10     | Noticed Gargoyl's ghost (novice CeAK)
 13702 | D:10     | Banished Gargoyl's ghost
 14057 | D:10     | Found Qidax's Armour Shop.
 14091 | D:10     | Found Vonuamm's Gadget Shoppe.
 14134 | D:10     | Reached XP level 11. HP: 59/90 MP: 17/17
 15000 | D:11     | Reached skill level 8 in Armour
 15058 | D:10     | Noticed Erica
 15080 | D:10     | Killed Erica
 15966 | D:11     | Noticed Maurice
 15969 | D:11     | Noticed an oklob plant
 15969 | D:11     | Noticed an oklob plant
 15989 | D:11     | Killed Maurice
 16646 | D:11     | Noticed a two-headed ogre
 16667 | D:11     | Reached skill level 9 in Armour
 16674 | D:11     | HP: 1/92 [wyvern (11)]
 17251 | D:11     | HP: 4/92 [manticore (7)]
 17251 | D:11     | Slain by a manticore

Skill      XL: |  1  2  3  4  5  6  7  8  9 10 11 |
---------------+----------------------------------+-----
Fighting       | 4 5 6 7 |  7.5
Axes           | 2 3 4 5 6 7 |  7.9
Invocations    | 3 4 6 7 8 |  8.8
Armour         | 2 4 6 7 9 |  9.1
Dodging        | 1 2 3 |  3.4
Shields        | 1 |  1.8
Polearms       | |  0.4
Throwing       | |  0.6
Evocations     | |  0.4

Action                   |  1- 3 |  4- 6 |  7- 9 | 10-12 || total
-------------------------+-------+-------+-------+-------++-------
Melee: Hand axe          |       |   204 |   471 |   425 ||  1100
       Kick              |       |    42 |   139 |   144 ||   325
       Trident           |       |       |    17 |       ||    17
Throw: Javelin           |       |       |     2 |    11 ||    13
Invok: Depart the Abyss  |       |     1 |       |       ||     1
       Banish            |       |       |     3 |     5 ||     8
       Bend Space        |       |       |       |     1 ||     1
Evoke: Wand              |     4 |     6 |       |       ||    10
  Use: Scroll            |       |    10 |     8 |     5 ||    23
       Potion            |       |     5 |     3 |     1 ||     9
 Stab: Distracted        |       |       |       |     1 ||     1
  Eat: Chunk             |       |     4 |     8 |    10 ||    22
       Ration            |       |       |     7 |     7 ||    14
Armor: Leather armour    |       |    55 |       |       ||    55
       Ring mail         |       |    68 |   211 |       ||   279
       Skin              |       |     7 |       |       ||     7
       Chain mail        |       |       |    70 |   222 ||   292
       Plate armour      |       |       |       |    27 ||    27
Dodge: Dodged            |       |   125 |   233 |    98 ||   456
       Deflected         |       |       |       |     9 ||     9
Block: Buckler           |       |       |    66 |    73 ||   139
